 Dungeon Crawl Stone Soup version 0.31-a0-233-g139696dc86 (webtiles) character file.

Game seed: 5676412633886895943

10 Iich the Trooper (level 2, 0/27 HPs)
             Began as a Hill Orc Fighter on July 9, 2023.
             Slain by a goblin
             ... wielding a +0 club
              (2 damage)
             ... on level 1 of the Dungeon.
             The game lasted 00:00:30 (127 turns).

Iich the Trooper (Hill Orc Fighter)                  Turns: 127, Time: 00:00:30

Health: 0/27       AC:  6    Str: 18    XL:     2   Next: 20%
Magic:  2/2        EV:  9    Int:  8    God:
Gold:   9          SH:  4    Dex: 10    Spells: 1/1 levels left

rFire   . . .        a - +0 war axe
rCold   . . .        c - +0 buckler
rNeg    . . .        b - +0 scale mail
rPois   .            (no helmet)
rElec   .            (no cloak)
rCorr   .            (no gloves)
SInv    .            (no boots)
Will    .....        (no amulet) Stlth
                     (no ring)
HPRegen 0.24/turn    (no ring)
MPRegen 0.08/turn

%: no passive effects
@: no status effects
A: no striking features
a: no special abilities


You were on level 1 of the Dungeon.
You visited 1 branch of the dungeon, and saw 1 of its levels.

You collected 9 gold pieces.

Inventory:

Hand Weapons
 a - a +0 war axe (weapon)
Armour
 b - a +0 scale mail (worn)
 c - a +0 buckler (worn)
Potions
 d - a potion of might


   Skills:
 + Level 3.9 Fighting
 * Level 3.5 Axes
 - Level 3.2 Armour
 - Level 3.2 Shields


You had one spell level left.
You didn't know any spells.
Your spell library was empty.

Dungeon Overview and Level Annotations

Branches:
Dungeon (1/15)

Altars:


Message History

The jackal bites you but does no damage.
A jackal comes into view.
The ball python hisses angrily.
You hit the jackal.
The jackal is almost dead.
The jackal barely misses you.
A goblin comes into view. It is wielding a +0 club.
You slash the jackal!
You kill the jackal!
The jackal bites you but does no damage.
You barely miss the gnoll. You closely miss the jackal.
The jackal closely misses you. The gnoll misses you.
The jackal bites you but does no damage.
You barely miss the gnoll. You closely miss the jackal.
The jackal barely misses you. You block the gnoll's attack.
The ball python bites you but does no damage.
The ball python grabs you. The ball python constricts you.
The jackal bites you but does no damage.
The gnoll hits you with a +0 flail!
You take 7 damage, and have 20/27 hp. !!!!--MASSIVE DAMAGE--!!!!
You slash the gnoll!
The gnoll is almost dead.
You barely miss the ball python. You hit the jackal but do no damage.
The jackal barely misses you. The ball python bites you.
The ball python constricts you. The gnoll hits you with a +0 flail.
The jackal barely misses you.
The ball python bites you but does no damage.
The ball python constricts you.
You take 7 damage, and have 13/27 hp. !!!!--MASSIVE DAMAGE--!!!!
You hit the gnoll but do no damage.
The gnoll is almost dead.
You hit the ball python.
You kill the ball python!
You hit the jackal but do no damage. The jackal barely misses you.
The gnoll hits you with a +0 flail!
* * * LOW HITPOINT WARNING * * *
The jackal misses you. The gnoll hits you with a +0 flail.
* * * LOW HITPOINT WARNING * * *
The goblin hits you with a +0 club.
You die...

.#.... ...... . ###
#....##. #.#..
.......
#.....##.#..#
#.....#....###.#
#.....hgg......
#@...# .# ##.#.##.#
#†#.##.###.
#..........
###.##.### ## #.##.#
..
.######.##.########.
..................
.# ........##.##..##
..


You could see a gnoll, a jackal and a goblin.

Vanquished Creatures
  2 bats (D:1)
  2 giant cockroaches (D:1)
  A hobgoblin (D:1)
  2 jackals (D:1)
  A ball python (D:1)
  A frilled lizard (D:1)
  A rat (D:1)
10 creatures vanquished.

Notes
Turn   | Place    | Note
-------+----------+-------------------------------------------
     0 | D:1      | Iich the Hill Orc Fighter began the quest for the Orb.
     0 | D:1      | Reached XP level 1. HP: 19/19 MP: 1/1
    83 | D:1      | Reached XP level 2. HP: 27/27 MP: 2/2
   127 | D:1      | Slain by a goblin

Illustrated notes

Levels and vault maps discovered:
D:1:      ebering_trefoil_3fold, layout_loops_ring, palyth_stone_intersect,
          minmay_strange_pillars, hex_tiny, serial_bayou_pond_e,
          kennysheep_boxes

Skill      XL: |  1 |
---------------+----+-----
Axes           | 3 |  3.5
Fighting       | |  3.9
Armour         | |  3.2
Shields        | |  3.2

Action                     || total
---------------------------++-------
  Melee: War axe           ||    29
 Armour: Scale mail        ||    22
  Dodge: Dodged            ||    18
  Block: Buckler           ||     6

Table legend: (Time is in decaauts)
 A = Elapsed time spent in this place.
 B = Non-inter-level travel time spent in this place.
 C = Inter-level travel time spent in this place.
 D = Time resting spent in this place.
 E = Time spent auto-exploring this place.
 F = Levels seen in this place.
 G = Mean time per level.
                   A        B        C        D        E       F      G
               +--------+--------+--------+--------+--------+-----+--------+
         Total |    137 |    137 |      0 |      0 |     77 |   1 |  137.0 |
       Dungeon |    137 |    137 |      0 |      0 |     77 |   1 |  137.0 |
               +--------+--------+--------+--------+--------+-----+--------+

Top non-repeatable levels by time:
     D:1: 137 daAuts
